 Dungeon Crawl Stone Soup version 0.28-a0-245-g639a1a48b9 (webtiles) character file.

Game seed: 456303712345725883

68 theanonym the Vexing (level 4, -3/33 HPs)
             Began as a Mummy Enchanter on Aug 24, 2021.
             Slain by a gnoll (5 damage)
             ... on level 3 of the Dungeon.
             The game lasted 00:02:32 (2971 turns).

theanonym the Vexing (Mummy Enchanter)              Turns: 2971, Time: 00:02:32

Health: -3/33      AC:  6    Str: 12    XL:     4   Next: 1%
Magic:  8/8        EV:  9    Int: 14    God:
Gold:   53         SH:  3    Dex: 12    Spells: 8/8 levels left

rFire   x . .      SeeInvis .   a - +2 dagger
rCold   + . .      Faith    .   h - +0 buckler
rNeg    + + +      Spirit   .   e - +0 ring mail
rPois   ∞          Reflect  .   (no helmet)
rElec   .          Harm     .   (no cloak)
rCorr   +          Rampage  .   i - +0 pair of gloves
Will    .....                   (no boots)
Stlth   +.........              (no amulet)
HPRegen 0.11/turn               c - ring of resist corrosion
MPRegen 0.11/turn               (no ring)

@: no status effects
A: cold resistance 1, negative energy resistance 3, torment resistance 2, heat
vulnerability 1, no potions
a: no special abilities


Innate Abilities, Weirdness & Mutations

You are immune to poison.
Your flesh is cold resistant. (rC+)
You are immune to negative energy. (rN+++)
You are immune to unholy pain and torment.
You are vulnerable to heat. (rF-)
You do not drink.


   Skills:
 + Level 1.8 Fighting
 * Level 2.5 Short Blades
 - Level 1.5 Dodging
 - Level 2.4 Stealth
 + Level 0.3 Shields
 - Level 2.6 Spellcasting
 - Level 2.6 Hexes


You had 8 spell levels left.
You didn't know any spells.
Your spell library contained the following spells:

 Spells                   Type           Power      Damage    Failure   Level
 Ensorcelled Hibernation  Hex/Ice        10%        N/A       56%         2
 Confusing Touch          Hex            9%         N/A       63%         3
 Tukima's Dance           Hex            9%         N/A       63%         3
 Dazzling Flash           Conj/Hex       10%        N/A       80%         3

Skill      XL: |  1  2 |
---------------+-------+-----
Short Blades   | 1 2 |  2.5
Fighting       | 1 |  1.8
Dodging        | |  1.5
Stealth        | |  2.4
Shields        | |  0.3
Spellcasting   | |  2.6
Hexes          | |  2.6

Action                   |  1- 3 |  4- 6 || total
-------------------------+-------+-------++-------
Melee: Dagger            |   198 |    15 ||   213
  Use: Scroll            |     3 |       ||     3
 Stab: Sleeping          |     4 |       ||     4
Armor: Robe              |    22 |       ||    22
       Ring mail         |    68 |     1 ||    69
Dodge: Dodged            |   112 |     5 ||   117
Block: Buckler           |    12 |     1 ||    13

Inventory:

Hand Weapons
 a - a +2 dagger (weapon)
Armour
 b - a +0 robe
 e - a +0 ring mail (worn)
 h - a +0 buckler (worn)
 i - a +0 pair of gloves (worn)
Jewellery
 c - a ring of resist corrosion (left hand)
Scrolls
 d - a scroll of enchant weapon
 y - a scroll of magic mapping


You were on level 3 of the Dungeon.
You visited 1 branch of the dungeon, and saw 3 of its levels.

You collected 53 gold pieces.

Dungeon Overview and Level Annotations

Branches:
Dungeon (3/15)

Altars:

h.###.# #..#...
#.h..g #.#...#
#g... #.#...#
... #####.# #g#
#.' #.# #.# #.#
#..
#.#############
###
#...)..ohg@...#
###############


You could see a gnoll, an orc and a jackal.

Notes
Turn   | Place    | Note
-------+----------+-------------------------------------------
     0 | D:1      | theanonym the Mummy Enchanter began the quest for the Orb.
     0 | D:1      | Reached XP level 1. HP: 13/13 MP: 4/4
   167 | D:1      | Reached skill level 1 in Short Blades
   356 | D:1      | Reached XP level 2. HP: 20/20 MP: 5/5
   371 | D:1      | HP: 10/20 [bat (1)]
   378 | D:1      | HP: 9/20 [bat (1)]
   794 | D:1      | Reached skill level 1 in Fighting
  1190 | D:2      | HP: 7/21 [adder (4)]
  1199 | D:2      | HP: 4/21 [adder (4)]
  1474 | D:2      | Reached skill level 2 in Short Blades
  1528 | D:2      | HP: 9/21 [adder (4)]
  1530 | D:2      | Reached XP level 3. HP: 12/26 MP: 7/7
  1535 | D:2      | HP: 7/26 [kobold (4)]
  1537 | D:2      | HP: 2/26 [kobold (4)]
  2211 | D:2      | Found a faded altar of an unknown god.
  2749 | D:3      | HP: 12/27 [jackal (2)]
  2952 | D:3      | Reached XP level 4. HP: 28/33 MP: 8/8
  2959 | D:3      | HP: 10/33 [gnoll (12)]
  2965 | D:3      | HP: 4/33 [gnoll (5)]
  2970 | D:3      | HP: 2/33 [gnoll (1)]
  2971 | D:3      | Slain by a gnoll

Vanquished Creatures
  2 adders (D:2)
  A worm (D:3)
  4 ball pythons
  5 endoplasms
  A giant cockroach (D:2)
  4 hobgoblins
  2 jackals (D:3)
  5 kobolds
  A quokka (D:2)
  5 bats
  2 frilled lizards
  5 goblins
  6 rats
43 creatures vanquished.

Table legend: (Time is in decaauts)
 A = Elapsed time spent in this place.
 B = Non-inter-level travel time spent in this place.
 C = Inter-level travel time spent in this place.
 D = Time resting spent in this place.
 E = Time spent auto-exploring this place.
 F = Levels seen in this place.
 G = Mean time per level.
                   A        B        C        D        E       F      G
               +--------+--------+--------+--------+--------+-----+--------+
         Total |   2958 |   2874 |     84 |   1126 |   1322 |   3 |  986.0 |
       Dungeon |   2958 |   2874 |     84 |   1126 |   1322 |   3 |  986.0 |
               +--------+--------+--------+--------+--------+-----+--------+

Top non-repeatable levels by time:
     D:2: 1342 daAuts
     D:1: 1093 daAuts
     D:3: 523 daAuts
